 Dungeon Crawl Stone Soup version 0.22-a0-348-gd16d139 (webtiles) character file.

2597 sankara the Carver (level 9, -4/53 (55) HPs)
             Began as a Halfling Berserker on Apr 10, 2018.
             Was a Priest of Trog.
             Killed from afar by Maurice (16 damage)
             ... with a wand of acid (9)
             ... on level 8 of the Dungeon.
             The game lasted 00:28:00 (8960 turns).

sankara the Carver (Halfling Berserker)             Turns: 8960, Time: 00:28:00

HP:   -4/53 (55)    AC:  3    Str: 18    XL:     9   Next: 89%
MP:   9/9           EV: 15    Int:  5    God:    Trog [***...]
Gold: 182           SH:  6    Dex: 17    Spells: 8/8 levels left

rFire    + . .     SeeInvis .   d - +1 long sword (holy)
rCold    . . .     Gourm    .   C - +0 buckler
rNeg     . . .     Faith    .   x - +3 leather armour
rPois    .         Spirit   .   (no helmet)
rElec    .         Reflect  .   (no cloak)
rCorr    .         Harm     .   F - +0 pair of gloves (curse)
MR       .....                  (no boots)
Stlth    ++++......             (no amulet)
HPRegen  0.17/turn              D - ring of protection from fire {rF+, !d}
MPRegen  0.11/turn              (no ring)

@: corroded, berserk cooldown, slowed, very slow
A: small, mutation resistance 1
a: Berserk, Trog's Hand, Renounce Religion


You were on level 8 of the Dungeon.
You worshipped Trog.
Trog was most pleased with you.
You were near starving.

You visited 2 branches of the dungeon, and saw 9 of its levels.
You also visited: Sewer.

You collected 296 gold pieces.
You spent 114 gold pieces at shops.

Inventory:

Hand Weapons
 c - a +0 dagger of venom
   (You found it on level 7 of the Dungeon)
 d - a +1 long sword of holy wrath (weapon)
   (You found it on level 6 of the Dungeon)
 e - a +0 hunting sling
   (You found it on level 1 of the Dungeon)
 J - a +3 dagger
   (You took it off a big kobold on level 8 of the Dungeon)
Missiles
 b - 3 steel tomahawks (quivered)
 i - 199 stones
 p - 71 sling bullets
 K - 16 poisoned needles
Armour
 x - a +3 leather armour (worn)
   (You found it on level 4 of the Dungeon)
 C - a +0 buckler (worn)
   (You found it on level 6 of the Dungeon)
 F - a cursed +0 pair of gloves (worn)
   (You found it on level 6 of the Dungeon)
Jewellery
 D - a ring of protection from fire (left hand) {rF+, !d}
   (You found it on level 5 of the Dungeon)
Wands
 t - a wand of paralysis (6)
   (You found it on level 3 of the Dungeon)
 y - a wand of iceblast (6)
   (You found it on level 5 of the Dungeon)
Scrolls
 f - 2 scrolls of identify
 g - 2 scrolls of enchant weapon
 h - 3 scrolls of enchant armour {unknown}
 j - a scroll of magic mapping {unknown}
 k - 2 scrolls of immolation {unknown}
 m - 8 scrolls of teleportation {unknown}
 u - 2 scrolls of fear {unknown}
 w - 3 scrolls of remove curse {unknown}
 B - 2 scrolls of blinking {unknown}
 I - a scroll of fog {unknown}
Potions
 l - 5 potions of heal wounds {unknown}
 n - a potion of berserk rage {unknown}
 q - 5 potions of agility {unknown}
 r - 2 potions of might
 s - a potion of mutation {unknown}
 v - 2 potions of curing {unknown}
 z - a potion of flight {unknown}
 A - 2 potions of magic {unknown}
 E - a potion of degeneration {unknown}
 G - a potion of ambrosia {unknown}
 H - a potion of brilliance {unknown}
Comestibles
 a - 13 rations


   Skills:
 + Level 2.6 Fighting
 * Level 9.7 Long Blades
 + Level 2.5(3.6) Slings
 + Level 2.7(3.0) Throwing
 - Level 2.1 Armour
 + Level 3.0 Dodging
 + Level 7.6 Stealth
 + Level 4.4 Shields


You had 8 spell levels left.
You didn't know any spells.

Dungeon Overview and Level Annotations

Branches:
Dungeon (8/15)             Temple (1/1) D:5
   Lair: D:8-11

Altars:
Ashenzari
Cheibriados
Dithmenos
Elyvilon
Fedhas
Gozag
Hepliaklqana
Kikubaaqudgha
Makhleb
Nemelex Xobeh
Okawaru
Qazlal
Ru
Sif Muna
Trog
Uskayaw
Vehumet
Wu Jian
Xom
Zin
The Shining One

Shops:
D:5 *

Annotations:
D:8 Maurice


Innate Abilities, Weirdness & Mutations

You are small and have problems with some larger weapons.
You are somewhat resistant to further mutation.


Message History

The wolf is almost dead.
Your shield prevents you from hitting the wolf.
The wolf is almost dead.
You block the wolf's attack.
You miss the wolf.
The wolf is almost dead.
The wolf misses you. You block the wolf's attack.
You hit the wolf.
The wolf is almost dead.
The wolf barely misses you.
You riposte.
You slash the wolf!
You kill the wolf!
Trog accepts your kill.
Items here: ))))) † a falchion; a dagger of pain; a halberd; a whip; a club; a kobold corpse The kobold corpse isn't edible.
There is a stone staircase leading up, spattered with blood here.
You see here 4 arrows.
You start resting.
A kobold comes into view. It is wielding a club.
Items here: ))))) † a falchion; a dagger of pain; a halberd; a whip; a club; a kobold corpse
Things that are here:
a long sword; a kobold corpse You barely miss the kobold.
The kobold shouts!
The kobold barely misses you.
You hit the kobold but do no damage. The kobold hits you but does no damage.
You hit the kobold.
The kobold is moderately wounded.
The kobold misses you.
You riposte.
You hit the kobold.
The kobold is severely wounded.
You hit the kobold but do no damage.
The kobold is severely wounded.
You hit the kobold.
You kill the kobold!
Trog accepts your kill.
You hear a splash.
No target in view!
Things that are here:
a long sword; a kobold corpse
Items here: ))))) ÷ a falchion; a dagger of pain; a halberd; a whip; a club; a kobold skeleton
There is a stone staircase leading up, spattered with blood here.
You see here 4 arrows.
You start resting.
HP restored.
Items here: ))))) ÷ a falchion; a dagger of pain; a halberd; a whip; a club; a kobold skeleton
Things that are here:
14 arrows; an uncursed shortbow Maurice is nearby!
A red film seems to cover your vision as you go berserk!
You feel yourself moving faster!
You feel mighty!
You are feeling very hungry.
Maurice shouts!
Maurice gestures wildly while chanting.
Maurice blinks!
You feel a strong urge to attack something.
Maurice casts a spell.
Maurice puts on a burst of speed!
You feel your anger nearly subside.
Maurice zaps a wand.
The bolt of acid hits you!
You are splashed with acid!
The acid burns!
It is a wand of acid (10).
You hit Maurice.
Maurice is lightly wounded.
You slash Maurice!
Maurice is moderately wounded.
You block Maurice's attack.
You slash Maurice!
Maurice is heavily wounded.
Maurice shouts, "HAHA!"
Maurice zaps a wand.
The bolt of acid hits you! The acid corrodes you!
You are splashed with acid!
The acid burns!
You closely miss Maurice.
Maurice is heavily wounded.
You are no longer berserk.
You are exhausted.
You feel yourself slow down.
You fail to use your ability.
Maurice hits you with a short sword.
* * * LOW HITPOINT WARNING * * *
Maurice steals 7 of your 9 scrolls of identify!
Maurice hits you with a short sword.
* * * LOW HITPOINT WARNING * * *
Maurice steals your 3 smoky silvery potions!
You fail to use your ability.
Maurice gestures wildly while chanting.
Maurice blinks!
Your black bear goes berserk!
You are near starving!
You can no longer call in reinforcements.
Maurice gestures wildly while chanting.
Maurice flickers and vanishes!
Deactivating autopickup; reactivate with Ctrl-A.
A stone appears from out of thin air!
The stone hits you.
* * * LOW HITPOINT WARNING * * *
You block something's attack.
You hear a zap.
A bolt of acid appears from out of thin air!
The bolt of acid hits you!
You die...

......#.....<.....#
......#...........#
..................#
...........).≈....#
.≈..≈.≈...≈≈)....?#
.≈..≈.≈≈.≈.≈......#
..o≈≈≈.≈≈≈≈≈.≈....#####.
...≈≈≈≈≈≈≈≈≈..≈.........
...≈≈≈≈≈≈≈≈≈≈≈≈.@.#####
.≈≈≈≈.≈.≈.≈≈≈≈≈...#
....≈≈≈≈≈≈...#
.≈≈≈≈≈≈..(# .≈≈≈≈≈h...#
.≈≈;≈≈≈...#
≈≈....≈≈≈≈≈....#
≈≈≈...≈≈≈≈..###.
.≈≈≈≈.≈≈≈≈≈......#


You could see an electric eel and a friendly black bear (berserk).

Vanquished Creatures
  A hornet (D:7)
  Eustachio (D:6)
  Menkaure (D:7)
  An ice beast (D:4)
  2 orc warriors
  A sky beast (D:7)
  A phantom (D:7)
  A necrophage (D:5)
  A centaur (D:8)
  A wolf (D:8)
  A big kobold (D:8)
  The ghost of zero the Sneak, an amateur SpEn (D:3)
  A scorpion (D:6)
  An electric eel (D:8)
  A jelly (D:8)
  8 hounds
  An orc priest (D:7)
  3 orc wizards
  A bullfrog skeleton (D:6)
  A centaur skeleton (D:7)
  An iguana (D:5)
  2 worker ants (D:5)
  7 gnolls
  12 adders
  2 shadow imps
  2 adder skeletons
  2 dart slugs
  A worm (D:5)
  5 leopard geckos
  18 orcs
  3 ball pythons
  9 bats
  A bat zombie (D:6)
  6 giant cockroaches
  10 goblins
  10 hobgoblins
  9 jackals
  4 quokkas
  11 frilled lizards
  21 kobolds
  A quokka skeleton (D:4)
  A quokka zombie (D:7)
  6 rats
  3 rat zombies (D:6)
  A plant (Sewer)
178 creatures vanquished.

Vanquished Creatures (collateral kills)
  A troll (D:7)
  Prince Ribbit (D:7)
  An ice beast (D:7)
  A necrophage (D:7)
  An orc (D:7)
  A jackal (D:7)
  A leopard gecko zombie (D:7)
7 creatures vanquished.

Vanquished Creatures (others)
  A plant (Sewer)
1 creature vanquished.

Grand Total: 186 creatures vanquished

Notes
Turn   | Place    | Note
-------+----------+-------------------------------------------
     0 | D:1      | sankara the Halfling Berserker began the quest for the Orb.
     0 | D:1      | Reached XP level 1. HP: 15/15 MP: 1/1
   262 | D:1      | Reached XP level 2. HP: 20/20 MP: 2/2
   320 | D:1      | Reached skill level 1 in Stealth
   572 | D:1      | Reached XP level 3. HP: 25/25 MP: 3/3
   688 | D:1      | Reached ** piety under Trog
   788 | D:2      | Found a snail-covered altar of Cheibriados.
   966 | D:2      | Reached XP level 4. HP: 30/30 MP: 4/4
   978 | D:2      | Reached skill level 4 in Long Blades
   978 | D:2      | Reached skill level 3 in Dodging
  1010 | D:2      | Reached skill level 2 in Stealth
  1295 | D:2      | Found an opulent altar of Gozag.
  1407 | D:2      | Found a burning altar of Makhleb.
  1407 | D:2      | Noticed a blizzard demon
  1410 | D:2      | Noticed a hellwing
  1410 | D:2      | Noticed a neqoxec
  1638 | D:3      | Reached XP level 5. HP: 34/35 MP: 5/5
  1700 | D:3      | Noticed zero's ghost (amateur SpEn)
  1721 | D:3      | Killed zero's ghost
  1786 | D:3      | Found a deep blue altar of Sif Muna.
  1841 | D:3      | Reached skill level 5 in Long Blades
  1841 | D:3      | Reached skill level 3 in Stealth
  1841 | D:3      | Reached XP level 6. HP: 25/41 MP: 6/6
  2551 | D:3      | Found a faded altar of an unknown god.
  2874 | D:4      | Reached *** piety under Trog
  3039 | D:4      | Found a stormy altar of Qazlal.
  3326 | D:4      | Noticed an ice beast
  3337 | D:4      | Killed an ice beast
  3337 | D:4      | Reached skill level 4 in Stealth
  3470 | D:5      | Entered Level 5 of the Dungeon
  3470 | D:5      | Noticed an orc warrior
  3474 | D:5      | Reached skill level 6 in Long Blades
  3483 | D:5      | Reached XP level 7. HP: 45/45 MP: 7/7
  3723 | D:5      | Found a staircase to the Ecumenical Temple.
  3792 | Temple   | Entered the Ecumenical Temple
  3930 | D:5      | Found Ominuo's General Store.
  3933 | D:5      | Bought a scroll of enchant weapon for 90 gold pieces
  3933 | D:5      | Bought a scroll of identify for 24 gold pieces
  3965 | D:5      | Reached skill level 5 in Stealth
  4014 | D:5      | Found a glowing drain.
  4023 | Sewer    | Entered a sewer
  4237 | Sewer    | Reached skill level 7 in Long Blades
  4530 | Sewer    | Reached **** piety under Trog
  5275 | D:5      | Found an iron altar of Okawaru.
  5327 | D:5      | Reached XP level 8. HP: 50/50 MP: 8/8
  5631 | D:6      | HP: 12/50 [poisoned by a scorpion]
  5968 | D:6      | Found a shadowy altar of Dithmenos.
  6118 | D:6      | Found a hazy altar of Hepliaklqana.
  6150 | D:6      | Noticed Eustachio
  6160 | D:6      | Killed Eustachio
  6160 | D:6      | Reached skill level 1 in Slings
  6160 | D:6      | Reached skill level 1 in Throwing
  6160 | D:6      | Reached skill level 1 in Shields
  6435 | D:6      | Found an ancient bone altar of Kikubaaqudgha.
  6466 | D:7      | Found an opulent altar of Gozag.
  6511 | D:7      | Noticed Menkaure
  6515 | D:7      | Reached skill level 2 in Slings
  6518 | D:7      | Killed Menkaure
  6518 | D:7      | Reached skill level 8 in Long Blades
  6518 | D:7      | Reached skill level 6 in Stealth
  6585 | D:7      | HP: 11/49 [orc priest/divine providence (12)]
  6591 | D:7      | Reached skill level 2 in Throwing
  6591 | D:7      | Reached skill level 2 in Shields
  6591 | D:7      | HP: 15/73 [poisoned by an orc priest]
  6596 | D:7      | Reached XP level 9. HP: 13/53 MP: 9/9
  6596 | D:7      | HP: 13/79 [poisoned by an orc priest]
  6601 | D:7      | HP: 12/53 [poisoned by an orc priest]
  7003 | D:7      | Noticed Prince Ribbit
  7031 | D:7      | Killed Prince Ribbit
  7261 | D:7      | Reached skill level 3 in Shields
  7570 | D:8      | Noticed Maurice
  7645 | D:8      | Reached skill level 9 in Long Blades
  7793 | D:8      | Reached skill level 7 in Stealth
  7810 | D:8      | Noticed a hornet
  7817 | D:8      | Noticed a troll
  7820 | D:8      | HP: 9/53 [hornet (16)]
  7826 | D:7      | HP: 17/79 [poisoned by a hornet]
  7829 | D:7      | Killed a hornet
  7833 | D:7      | HP: 12/53 [poisoned by a hornet]
  7838 | D:7      | HP: 11/53 [poisoned by a hornet]
  8092 | D:7      | HP: 15/79 [troll (7)]
  8092 | D:7      | HP: 6/79 [troll (3)]
  8376 | D:7      | Killed a troll
  8376 | D:7      | Reached skill level 4 in Shields
  8955 | D:8      | HP: 13/53 [Maurice/short sword (6)]
  8960 | D:8      | Killed from afar by Maurice

Vault maps used:
D:1:      lemuel_arrival_broad_hall, minivault_19, amethyst_killhole
D:2:      cheibriados_altar_1, makhleb_altar_promises_db, grunt_gozag_statues
D:3:      tgw_sif, chequers_ecumenical_altar_lobes, minivault_11,
          minmay_goblin_kobold_house
D:4:      overflow_temple_1_default, hangedman_feature_mirror
D:5:      temple_pool_b, serial_shops, nicolae_shop_behind_doors,
          cheibrodos_sewer_entry_sluice, first_ration,
          kennysheep_okawaru_gauntlet
D:6:      nicolae_dithmenos_the_darkroom, overflow_temple_1_default,
          lemuel_zombie_altar_kikubaaqudgha, wad_floor_pattern_1, uniq_eustachio
D:7:      basic_altar, uniq_prince_ribbit1, uniq_menkaure
D:8:      lemuel_mausoleum_altar_yredelemnul, erik_lair_island, uniq_psyche,
          uniq_maurice, uniq_joseph
Temple:   eino_temple_lava
Sewer:    sewer_co_scattered_pipes

Skill      XL: |  1  2  3  4  5  6  7  8  9 |
---------------+----------------------------+-----
Stealth        | 1 2 3 4 5 6 7 |  7.6
Long Blades    | 4 5 6 7 8 9 |  9.7
Dodging        | 3 |  3.0
Slings         | 2 |  2.5
Throwing       | 2 |  2.7
Shields        | 2 4 |  4.4
Fighting       | |  2.6
Armour         | |  2.1

Action                   |  1- 3 |  4- 6 |  7- 9 || total
-------------------------+-------+-------+-------++-------
Melee: Falchion          |    53 |   154 |   219 ||   426
       Dagger            |       |       |     5 ||     5
       Long sword        |       |       |   200 ||   200
 Fire: Hunting sling     |     1 |       |     2 ||     3
Throw: Tomahawk          |       |     1 |       ||     1
Invok: Berserk           |     2 |     4 |     9 ||    15
       Trog's Hand       |       |     1 |     3 ||     4
       Brothers in Arms  |       |       |     4 ||     4
 Stab: Sleeping          |       |     3 |     7 ||    10
       Distracted        |       |       |     2 ||     2
  Eat: Chunk             |     2 |    10 |    23 ||    35
       Ration            |       |       |     2 ||     2
Armor: Animal skin       |     2 |       |       ||     2
       Leather armour    |    11 |    32 |    69 ||   112
Dodge: Dodged            |    55 |   129 |   207 ||   391
Block: Buckler           |       |       |    62 ||    62
       Rpst.: Falchion   |    32 |    42 |    39 ||   113
       Long sword        |       |       |    29 ||    29

Table legend:
 A = Spawn XP
 B = Non-spawn XP
 C = Spawn XP percentage of total XP
 D = Spawn monster count
 E = Non-spawn monster count
 F = Spawn count percentage of total count
 G = Total turns spent on level
                    A         B        C        D         E        F      G
               +---------+---------+-------+---------+---------+-------+---------
         Total |       0 |    3710 |   0.0 |       0 |     184 |   0.0 |  8960
               +---------+---------+-------+---------+---------+-------+---------
           D:1 |       0 |      37 |   0.0 |       0 |      21 |   0.0 |   739
           D:2 |       0 |      97 |   0.0 |       0 |      18 |   0.0 |   877
           D:3 |       0 |     180 |   0.0 |       0 |      25 |   0.0 |  1234
           D:4 |       0 |     198 |   0.0 |       0 |      12 |   0.0 |   620
           D:5 |       0 |     502 |   0.0 |       0 |      25 |   0.0 |  1122
           D:6 |       0 |     388 |   0.0 |       0 |      15 |   0.0 |  1226
           D:7 |       0 |    1527 |   0.0 |       0 |      25 |   0.0 |  1654
           D:8 |       0 |     729 |   0.0 |       0 |      24 |   0.0 |   571
         Sewer |       0 |      52 |   0.0 |       0 |      19 |   0.0 |   852
               +---------+---------+-------+---------+---------+-------+---------

Vault maps used:
D:1:      lemuel_arrival_broad_hall, minivault_19, amethyst_killhole
D:2:      cheibriados_altar_1, makhleb_altar_promises_db, grunt_gozag_statues
D:3:      tgw_sif, chequers_ecumenical_altar_lobes, minivault_11,
          minmay_goblin_kobold_house
D:4:      overflow_temple_1_default, hangedman_feature_mirror
D:5:      temple_pool_b, serial_shops, nicolae_shop_behind_doors,
          cheibrodos_sewer_entry_sluice, first_ration,
          kennysheep_okawaru_gauntlet
D:6:      nicolae_dithmenos_the_darkroom, overflow_temple_1_default,
          lemuel_zombie_altar_kikubaaqudgha, wad_floor_pattern_1, uniq_eustachio
D:7:      basic_altar, uniq_prince_ribbit1, uniq_menkaure
D:8:      lemuel_mausoleum_altar_yredelemnul, erik_lair_island, uniq_psyche,
          uniq_maurice, uniq_joseph
Temple:   eino_temple_lava
Sewer:    sewer_co_scattered_pipes

Table legend:
 A = Turns spent in this place as a percentage of turns spent in the entire game.
 B = Non-inter-level travel turns spent in this place as a percentage of non-inter-level travel turns spent in the entire game.
 C = Inter-level travel turns spent in this place as a percentage of turns spent in this place.
 D = Turns resting spent in this place as a percentage of non-inter-level travel turns spent in this place.
 E = Turns spent auto-exploring this place as a percentage of non-inter-level travel turns spent in this place.
 F = Non-inter-level travel turns spent in this place divided by the number of levels of this place that you've seen.
                   A       B       C       D       E      F
               +-------+-------+-------+-------+-------+----------------------
         Total | 100.0 | 100.0 |   3.9 |  29.4 |  49.1 | 860.8
       Dungeon |  89.8 |  89.5 |   4.3 |  30.5 |  48.8 | 962.5
        Temple |   0.7 |   0.7 |  13.8 |   0.0 |  96.4 |  56.0
         Sewer |   9.5 |   9.9 |   0.0 |  21.8 |  49.2 | 852.0
               +-------+-------+-------+-------+-------+----------------------

Table legend:
 A = Kills in this place as a percentage of kills in entire the game.
 B = Kills by you in this place as a percentage of kills by you in the entire game.
 C = Kills by friends in this place as a percentage of kills by friends in the entire game.
 D = Other kills in this place as a percentage of other kills in the entire game.
 E = Experience gained in this place as a percentage of experience gained in the entire game.
 F = Experience gained in this place divided by the number of levels of this place that you have seen.
                   A       B       C       D       E      F
               +-------+-------+-------+-------+-------+----------------------
         Total | 100.0 | 100.0 | 100.0 |   N/A | 100.0 | 371.0
       Dungeon |  89.7 |  89.3 | 100.0 |   N/A |  98.6 | 457.2
         Sewer |  10.3 |  10.7 |   0.0 |   N/A |   1.4 |  52.0
               +-------+-------+-------+-------+-------+----------------------
